 Seeded DCSS version 0.30.1-11-g7821555f0a (webtiles) character file.

Game seed: 12756009894327649987 (custom seed)

4 Psyclone the Conjurer (level 1, -1/13 HPs)
             Began as a Gnoll Conjurer on Nov 6, 2023.
             Was an Initiate of Gozag.
             Slain by an orc
             ... wielding a +0 war axe
              (10 damage)
             ... on level 2 of the Dungeon.
             The game lasted 00:00:42 (168 turns).

Psyclone the Conjurer (Gnoll Conjurer)               Turns: 168, Time: 00:00:42

Health: -1/13      AC:  2    Str:  6    XL:     1   Next: 70%
Magic:  0/6        EV: 13    Int: 17    God:    Gozag
Gold:   43         SH:  0    Dex: 10    Spells: 8/9 levels left

rFire   . . .        (no weapon)
rCold   . . .        (no shield)
rNeg    . . .        a - +0 robe
rPois   .            (no helmet)
rElec   .            (no cloak)
rCorr   .            (no gloves)
SInv    .            (no boots)
Will    .....        (no amulet)
Stlth   ++           (no ring)
HPRegen 0.22/turn    (no ring)
MPRegen 0.10/turn

%: no passive effects
@: gold aura
A: fangs 1, strong nose, distributed training
a: Renounce Religion, Potion Petition, Call Merchant, Bribe Branch


You were on level 2 of the Dungeon.
You worshipped Gozag.
Gozag was noncommittal.
You visited 1 branch of the dungeon, and saw 2 of its levels.

You collected 43 gold pieces.

Inventory:

Armour
 a - a +0 robe (worn)
Potions
 b - a potion of magic


   Skills:
 + Level 0.1 Fighting
 + Level 0.1 Short Blades
 + Level 0.1 Long Blades
 + Level 0.1 Axes
 + Level 0.1 Maces & Flails
 + Level 0.1 Polearms
 + Level 0.1 Staves
 + Level 0.1 Ranged Weapons
 + Level 0.1 Throwing
 + Level 0.1 Armour
 + Level 4.4 Dodging
 + Level 4.0 Stealth
 + Level 0.1 Shields
 + Level 0.1 Unarmed Combat
 + Level 4.9 Spellcasting
 + Level 7.0 Conjurations
 + Level 0.1 Hexes
 + Level 0.1 Summonings
 + Level 0.1 Necromancy
 + Level 0.1 Translocations
 + Level 0.1 Transmutations
 + Level 0.1 Fire Magic
 + Level 0.1 Ice Magic
 + Level 0.1 Air Magic
 + Level 0.1 Earth Magic
 + Level 0.1 Poison Magic
 + Level 0.2 Invocations
 + Level 0.1 Evocations


You had 8 spell levels left.
You knew the following spells:

 Your Spells              Type           Power      Damage    Failure   Level
a - Magic Dart            Conj           100%       1d8       1%          1

Your spell library contained the following spells:

 Spells                   Type           Power      Damage    Failure   Level
 Searing Ray              Conj           56%        2d6       1%          2
 Dazzling Flash           Conj/Hex       32%        N/A       10%         3
 Fulminant Prism          Conj/Hex       8%         3d6       32%         4
 Iskenderun's Mystic Bla  Conj/Tloc      16%        2d5       32%         4


Dungeon Overview and Level Annotations

Branches:
Dungeon (2/15) Zot: 11832

Altars:
Gozag


Innate Abilities, Weirdness & Mutations

You have very sharp teeth.
Your uncanny sense of smell can sniff out nearby items.
Your experience applies equally to all skills.


Message History

You now have 3/6 mp.
Casting: Magic Dart (safe; 1% risk of failure)
Confirm with . or Enter, or press ? or * to list all spells.
Aiming: Magic Dart (safe; 1% risk of failure)
Press: ? - help, Shift-Dir - straight line, f/p - orc
Aim: an orc, wielding a +0 war axe and wearing a +0 chain mail (moderately wounded, 100% to hit)
The magic dart hits the orc but does no damage.
The orc is moderately wounded.
You now have 2/6 mp.
Casting: Magic Dart (safe; 1% risk of failure)
Confirm with . or Enter, or press ? or * to list all spells.
Aiming: Magic Dart (safe; 1% risk of failure)
Press: ? - help, Shift-Dir - straight line, f/p - orc
Aim: an orc, wielding a +0 war axe and wearing a +0 chain mail (moderately wounded, 100% to hit)
The magic dart hits the orc but does no damage.
The orc is moderately wounded.
The orc priest shouts!
You now have 1/6 mp.
Casting: Magic Dart (safe; 1% risk of failure)
Confirm with . or Enter, or press ? or * to list all spells.
Aiming: Magic Dart (safe; 1% risk of failure)
Press: ? - help, Shift-Dir - straight line, f/p - orc
Aim: an orc, wielding a +0 war axe and wearing a +0 chain mail (moderately wounded, 100% to hit)
The magic dart hits the orc but does no damage.
The orc is moderately wounded.
You now have 0/6 mp.
Casting: Magic Dart (safe; 1% risk of failure)
Confirm with . or Enter, or press ? or * to list all spells.
You don't have enough magic to cast this spell.
Unknown command.
Casting: Magic Dart (safe; 1% risk of failure)
Confirm with . or Enter, or press ? or * to list all spells.
You don't have enough magic to cast this spell.
Unknown command.
The orc attacks as you move away! The orc hits you with a +0 war axe.
You take 4 damage, and have 9/13 hp.
MASSIVE DAMAGE!!
The orc attacks as you move away! The orc hits you with a +0 war axe!
Ouch! That really hurt!
You die...
Your body crumbles into a pile of gold.

#.. #.# #.# ###
#.# #.# #.###.#
..######...#.#
..$...o....#.#
..######oo.#.#
...o....#@#.#
.########.#.#
........#.#
##......#.# # ∆
......#.#.#.#
##.####.#.#.###..
(.......#........
............###.#
##..............


You could see an orc priest and 2 orcs.

Vanquished Creatures
  An orc (D:2)
  A bat (D:1)
  An endoplasm (D:2)
3 creatures vanquished.

Notes
Turn   | Place    | Note
-------+----------+-------------------------------------------
     0 | D:1      | Psyclone the Gnoll Conjurer began the quest for the Orb.
     0 | D:1      | Reached XP level 1. HP: 13/13 MP: 6/6
    51 | D:1      | Found a faded altar of an unknown god.
    78 | D:1      | Prayed at the altar of an unknown god.
    78 | D:1      | Became a worshipper of Gozag Ym Sagoz the Greedy
   153 | D:2      | Noticed an orc priest
   153 | D:2      | Noticed an orc priest
   168 | D:2      | Slain by an orc

Illustrated notes

Levels and vault maps discovered:
D:1:      dpeg_arrival_pits, layout_basic, ebering_ecumenical_altar_box
D:2:      layout_basic, minmay_goblin_outpost, uniq_crazy_yiuf_cottage

Action                     || total
---------------------------++-------
   Cast: Magic Dart        ||     9
 Armour: Robe              ||     1
  Dodge: Dodged            ||     1
